Map: Pillars of Gold LE

Players

Armani

  • Race: Zerg Zerg
  • League: Master
  • Spawn Location: 7:00

DPGPartinG (PartinG) - Winner!

  • Race: Protoss Protoss
  • League: Grandmaster
  • Spawn Location: 1:00

Event: War Chest Team League

VOD

Have the link to the VOD?

Description

Time

  • Played on: July 24, 2020, 6:26 a.m.
  • Length: 13:37
Show
View Real Time Build Order
Export as new Build Order

Armani Zerg 

Build Orders: Hatch First, Roach Nydus 

Get SALT Encoding   

  12  0:00  Drone  
  13  0:12  Overlord  
  13  0:17  Drone  
  14  0:31  Drone x2  
  16  0:50  Hatchery  
  16  0:53  Drone  
  16  0:58  Drone  
  16  1:01  Drone  
  18  1:11  Extractor  
  18  1:17  Spawning Pool  
  16  1:20  Drone  
  16  1:23  Drone  
  18  1:30  Drone  
  19  1:41  Drone  
  20  1:50  Drone  
  21  2:04  Queen x2  
  21  2:05  Zergling x2  
  21  2:06  Overlord  
  26  2:12  Metabolic Boost  
  26  2:15  Drone  
  27  2:17  Drone  
  28  2:27  Drone  
  29  2:36  Drone  
  30  2:42  Queen x2  
  34  2:46  Overlord  
  34  2:47  Drone  
  34  2:49  Drone  
  36  2:59  Spore Crawler  
  36  3:01  Spore Crawler  
  36  3:02  Drone x2  
  36  3:04  Drone  
  39  3:06  Drone x2  
  39  3:12  Overlord  
  41  3:18  Drone x3  
  44  3:20  Spore Crawler  
  43  3:28  Lair  
  43  3:31  Drone  
  44  3:34  Overlord  
  44  3:42  Hatchery  
  44  3:44  Drone  
  43  3:49  Roach Warren  
  43  3:51  Extractor  
  43  3:53  Spore Crawler  
  43  3:54  Drone  
  41  3:56  Drone  
  41  3:58  Drone  
  41  4:00  Drone  
  41  4:01  Drone  
  45  4:04  Zergling x2  
  45  4:06  Zergling x2  
  45  4:07  Zergling x2  
  48  4:14  Drone x2  
  50  4:20  Drone  
  50  4:22  Overlord  
  49  4:26  Drone x2  
  49  4:27  Drone  
  49  4:30  Overlord  
  50  4:34  Drone  
  51  4:42  Extractor  
  50  4:46  Roach x4  
  50  4:52  Overlord  
  58  4:54  Overseer  
  58  4:56  Roach x2  
  62  5:05  Drone x2  
  62  5:11  Nydus Network  
  62  5:12  Roach x2  
  62  5:13  Roach  
  67  5:21  Zergling x10  
  67  5:27  Queen  
  73  5:39  Zergling x6  
  73  5:40  Overlord  
  73  5:44  Drone  
  74  5:50  Nydus Canal  
  74  5:51  Roach x2  
  74  5:54  Roach  
  80  5:58  Roach  
  82  6:09  Roach  
  79  6:14  Roach  
  80  6:21  Roach  
  80  6:23  Roach  
  80  6:26  Roach  
  80  6:28  Glial Reconstitution  
  80  6:30  Overlord x2  
  80  6:31  Roach  
  79  6:34  Roach  
  76  6:40  Roach  
  76  6:41  Roach  
  76  6:43  Nydus Canal  
  76  6:46  Roach  
  78  6:49  Roach  
  76  6:54  Roach  
  70  7:01  Roach  
  70  7:02  Roach x2  
  70  7:06  Roach  
  64  7:09  Roach  
  64  7:12  Roach  
  60  7:16  Roach  
  60  7:23  Drone  
  60  7:24  Drone x3  
  64  7:31  Drone  
  64  7:32  Burrow  
  64  7:33  Drone  
  64  7:37  Drone  
  65  7:38  Drone  
  65  7:40  Drone  
  67  7:47  Tunneling Claws  
  67  7:49  Spore Crawler  
  66  7:53  Drone x3  
  69  7:58  Queen  
  71  8:10  Drone x7  
  71  8:12  Overseer  
  78  8:19  Evolution Chamber  
  77  8:22  Zergling x4  
  77  8:26  Drone x3  
  82  8:28  Extractor, Drone  
  82  8:31  Roach x2  
  82  8:32  Roach  
  88  8:34  Roach  
  88  8:39  Ravager x3  
  88  8:41  Roach x2  
  95  8:44  Roach  
  95  8:46  Overlord  
  95  8:48  Overlord  
  97  8:50  Roach x5  
  97  8:54  Overlord, Roach x12  
  95  8:56  Roach  
  97  9:03  Overlord  
  97  9:05  Roach x10  
  97  9:06  Roach x4  
  105  9:10  Roach  
  105  9:14  Roach  
  105  9:15  Roach  
  98  9:18  Roach x3  
  98  9:23  Queen  
  106  9:24  Extractor  
  106  9:25  Ravager x2  
  106  9:29  Roach x3  
  113  9:35  Zergling x4  
  115  9:42  Roach x3  
  115  9:45  Ravager  
  122  9:49  Ravager  
  122  9:51  Roach  
  125  9:54  Overlord x2  
  125  9:56  Overlord  
  125  9:57  Overlord  
  125  9:58  Overlord  
  125  10:03  Overlord  
  125  10:08  Zergling x10  
  130  10:14  Overseer  
  130  10:16  Zergling x4  
  130  10:17  Ravager x4  
  134  10:28  Zergling x14  
  134  10:30  Ravager x2  
  134  10:35  Nydus Canal  
  142  10:40  Roach x4  
  149  10:46  Zergling x8  
  135  10:54  Zergling x12  
  127  11:05  Zerg Melee Weapons Level 1  
  127  11:11  Baneling Nest  
  125  11:16  Zergling x16  
  133  11:20  Nydus Canal  
  131  11:30  Drone x2  
  131  11:31  Drone x2  
  135  11:37  Drone  
  136  11:47  Hatchery  
  133  11:51  Zergling x6  
  133  11:52  Zergling x12  
  133  11:53  Centrifical Hooks  
  133  12:11  Zergling x14  
  130  12:21  Zergling x2  
  130  12:22  Zergling x4, Roach x2  
  133  12:27  Zergling x10  
  138  12:34  Baneling x6  
  138  12:35  Baneling x17  
  138  12:37  Baneling x3  
  138  12:39  Ravager x3  
  138  12:40  Ravager  
  138  12:44  Zergling x6  
  144  12:47  Baneling x5, Hatchery  
  144  12:48  Baneling  
  143  12:55  Baneling x10  
  133  13:07  Roach x4  
  133  13:10  Baneling x6  
  133  13:11  Baneling  
  133  13:12  Baneling  
Show
View Real Time Build Order
Export as new Build Order

DPGPartinG Protoss - Winner!

Build Orders: 1 Gate Expand, Oracle Opening 

Get SALT Encoding   

  12  0:00  Probe  
  13  0:12  Probe  
  14  0:19  Pylon  
  14  0:24  Probe  
  15  0:29  Assimilator  
  15  0:34  Probe  
  16  0:43  Probe  
  16  0:44  Gateway  
  17  0:52  Probe  
  18  1:04  Probe  
  19  1:16  Probe  
  20  1:27  Nexus  
  20  1:36  Cybernetics Core  
  20  1:39  Probe  
  21  1:45  Assimilator  
  21  1:51  Probe  
  22  1:55  Pylon  
  22  2:03  Adept, Probe  
  23  2:13  Warp Gate  
  25  2:16  Probe  
  26  2:23  Stargate  
  26  2:26  Stalker  
  26  2:28  Probe  
  27  2:35  Probe  
  29  2:42  Probe  
  31  2:44  Probe  
  32  2:54  Probe  
  32  2:58  Oracle  
  33  3:04  Probe  
  34  3:06  Probe  
  34  3:12  Adept  
  40  3:16  Probe  
  40  3:18  Probe  
  42  3:21  Gateway  
  42  3:27  Oracle  
  42  3:30  Probe  
  43  3:35  Pylon  
  46  3:52  Pylon  
  46  3:53  Twilight Council, Probe x2  
  48  3:58  Pylon  
  48  4:02  Adept  
  50  4:04  Gateway  
  50  4:06  Resonating Glaives  
  50  4:09  Gateway  
  50  4:13  Probe x2  
  52  4:25  Probe x2  
  52  4:35  Adept x2  
  52  4:37  Probe x2  
  58  4:39  Phoenix  
  58  4:42  Pylon  
  58  4:44  Assimilator  
  60  4:49  Probe x2  
  62  4:58  Nexus  
  62  5:06  Pylon  
  62  5:09  Adept x2  
  62  5:10  Adept  
  62  5:14  Adept  
  70  5:18  Assimilator, Probe x2  
  72  5:28  Robotics Facility, Shield Battery  
  72  5:30  Probe  
  72  5:34  Adept x2  
  77  5:45  Probe x2  
  77  5:47  Sentry  
  81  5:51  Pylon  
  81  5:52  Pylon  
  81  5:53  Blink  
  81  5:54  Sentry  
  81  5:57  Probe x2  
  84  5:58  Pylon  
  85  6:09  Probe x2  
  87  6:14  Adept x3  
  88  6:21  Probe  
  88  6:22  Adept  
  75  6:36  Stalker x2  
  75  6:40  Stalker  
  75  6:46  Stalker  
  78  7:00  Stalker x2  
  73  7:06  Adept  
  73  7:08  Probe x2  
  64  7:12  Probe  
  64  7:15  Stalker  
  64  7:20  Probe  
  65  7:23  Probe x2  
  68  7:33  Probe, Observer  
  68  7:35  Probe  
  68  7:36  Stalker  
  73  7:38  Probe  
  73  7:41  Probe  
  74  7:46  Sentry, Probe  
  74  7:47  Sentry, Probe  
  81  7:53  Probe  
  81  7:56  Probe  
  81  7:58  Sentry  
  84  7:59  Probe  
  84  8:05  Probe  
  87  8:10  Sentry, Stalker  
  91  8:16  Stalker, Warp Prism  
  91  8:18  Probe  
  91  8:19  Probe x2  
  96  8:24  Stalker  
  98  8:31  Probe  
  101  8:36  Pylon  
  101  8:37  Pylon  
  101  8:41  Pylon  
  101  8:44  Pylon  
  101  8:56  Probe x3  
  101  8:58  Robotics Bay  
  101  9:00  Forge  
  104  9:04  Probe  
  105  9:10  Observer  
  105  9:11  Protoss Ground Weapons Level 1  
  93  9:19  Stalker x4  
  93  9:21  Probe x3  
  104  9:32  Observer  
  104  9:35  Photon Cannon  
  104  9:36  Photon Cannon  
  105  9:38  Photon Cannon  
  105  9:40  Photon Cannon  
  105  9:43  Stalker x3  
  111  9:47  Stalker, Probe, Disruptor  
  114  9:55  Assimilator  
  117  10:00  Robotics Facility  
  117  10:01  Assimilator  
  117  10:02  Probe x2  
  117  10:03  Probe  
  120  10:08  Observer  
  120  10:18  Stalker x3  
  120  10:19  Stalker, Disruptor  
  131  10:33  Probe x2  
  133  10:50  Pylon  
  133  10:52  Pylon  
  133  10:53  Pylon  
  133  10:54  Pylon  
  131  10:59  Gateway, Stalker x2  
  131  11:00  Gateway  
  131  11:02  Shield Battery  
  133  11:05  Shield Battery  
  133  11:07  Stalker  
  133  11:11  Stalker  
  133  11:13  Pylon  
  135  11:19  Photon Cannon  
  135  11:20  Photon Cannon  
  135  11:24  Stalker x2  
  139  11:27  Disruptor x2  
  139  11:35  Stalker x2  
  149  11:50  Stalker x2  
  153  12:05  Stalker x4  
  153  12:18  Observer  
  153  12:19  Stalker x2  
  157  12:24  Nexus  
  157  12:27  Pylon  
  157  12:28  Stalker x2  
  157  12:29  Pylon  
  161  12:30  Sentry  
  161  12:32  Stalker  
  165  12:38  Observer  
  165  12:44  Stalker x2  
  168  12:53  Stalker x2  
  168  12:57  Probe x2  
  168  12:58  Probe  
  175  13:04  Stalker x2  
  179  13:08  Sentry x2  
  177  13:26  Stalker x2  
  151  13:28  Stalker x2  
Tags
 
Add a new tag
Caveats
  • Supply blocks, unpowered buildings, or Contaminate may cause inaccurate times.
  • Supply counts are checked every 10 seconds.